 Dungeon Crawl Stone Soup version 0.30-a0-634-g8abc85282e (webtiles) character file.

Game seed: 13693184720885253164

793 mampy3000 the Chopper (level 7, 0/61 HPs)
             Began as a Minotaur Berserker on Jan 14, 2023.
             Was a Priest of Trog.
             Engulfed by a steam dragon's steam (13 damage)
             ... on level 5 of the Dungeon.
             The game lasted 00:10:01 (3422 turns).

mampy3000 the Chopper (Minotaur Berserker)          Turns: 3422, Time: 00:10:02

Health: 0/61       AC: 11    Str: 22    XL:     7   Next: 57%
Magic:  6/6        EV: 14    Int:  4    God:    Trog [***...]
Gold:   123        SH:  0    Dex: 11    Spells: 6/6 levels left

rFire   . . .      SeeInvis .    x - +12 sling "Murmur" {drain, *Corrode Will+++}
rCold   . . .      Faith    .    (no shield)
rNeg    . . .      Spirit   .    h - +0 chain mail
rPois   .          Reflect  .    (helmet restricted)
rElec   .          Harm     .    v - +0 cloak
rCorr   .          Rampage  .    (no gloves)
Will    +++..                    (no boots) Stlth
                                 (no amulet)
HPRegen 0.30/turn                e - +5 ring of evasion
MPRegen 0.10/turn                (no ring)

@: no status effects
A: horns 2, retaliatory headbutt
a: Renounce Religion, Berserk, Trog's Hand


You were on level 5 of the Dungeon.
You worshipped Trog.
Trog was most pleased with you.
You visited 1 branch of the dungeon, and saw 5 of its levels.

You collected 123 gold pieces.

Inventory:

Hand Weapons
 a - a +0 hand axe
 x - the +12 sling "Murmur" (weapon) {drain, *Corrode Will+++}
   (You found it on level 4 of the Dungeon)

   *Corrode:  It may corrode you when you take damage.
   Will:      It greatly increases your willpower.
Missiles
 l - 2 silver boomerangs
Armour
 b - a +0 animal skin
 f - a +0 ring mail
 h - a +0 chain mail (worn)
 v - a +0 cloak (worn)
Jewellery
 e - a +5 ring of evasion (left hand)
 r - a ring of positive energy
 y - a +5 ring of evasion
Wands
 u - a wand of light (6)
Scrolls
 c - a scroll of magic mapping {unknown}
 d - a scroll of teleportation {unknown}
 i - a scroll of fog {unknown}
 m - a scroll of immolation {unknown}
 n - 7 scrolls of identify {unknown}
 p - a scroll of poison {unknown}
 w - a scroll of noise {unknown}
Potions
 g - a potion of lignification {unknown}
 j - a potion of haste {unknown}
 k - 3 potions of brilliance {unknown}
 o - a potion of might
 q - 2 potions of cancellation {unknown}
 s - a potion of invisibility {unknown}
 t - a potion of heal wounds {unknown}
 z - a potion of attraction {unknown}


   Skills:
 + Level 5.6 Fighting
 + Level 7.1 Axes
 + Level 3.8 Ranged Weapons
 + Level 4.9 Armour
 + Level 2.9 Dodging
 + Level 0.8 Stealth


You had 6 spell levels left.
You didn't know any spells.
Your spell library was empty.

Dungeon Overview and Level Annotations

Branches:
Dungeon (5/15)             Temple (0/1) D:4

Altars:
Okawaru
Qazlal
Wu Jian
Yredelemnul
The Shining One

Shops:
D:4 =

Annotations:
D:3 3 runed translucent doors, wormed's ghost, amateur FoFi


Innate Abilities, Weirdness & Mutations

You have a pair of horns on your head.
You reflexively headbutt those who attack you in melee.


Message History

You shoot a sling bullet. The sling bullet hits the steam dragon.
You drain the steam dragon.
The steam dragon is moderately wounded.
The steam dragon breathes steam at you. The ball of steam hits you!
No target in view!
No target in view!
No target in view!
No target in view!
No target in view!
No target in view!
No target in view!
Unknown command.
No target in view!
No target in view!
No target in view!
You're standing in a cloud of steam!
You're standing in a cloud of steam!
You're standing in a cloud of steam!
You are engulfed in a cloud of scalding steam.
You are engulfed in a cloud of scalding steam.
The steam dragon bites you but does no damage.
The steam dragon closely misses you.
You shoot a sling bullet. The sling bullet hits the steam dragon.
You drain the steam dragon.
The steam dragon is severely wounded.
The steam dragon bites you but does no damage.
The steam dragon barely misses you. The steam dragon breathes steam at you.
The ball of steam hits you!
You shoot a sling bullet.
The sling bullet barely misses the steam dragon.
You are engulfed in a cloud of scalding steam.
The steam dragon breathes steam at you. The ball of steam hits you!
* * * LOW HITPOINT WARNING * * *
You shoot a sling bullet. The sling bullet hits the steam dragon!
The steam dragon is almost dead.
You are engulfed in a cloud of scalding steam.
You die...

### ..# ##### #.# #...
#.# ######.###### #.#
#.......§...# #.#
#.####.#§...#
#.#######.# #.#§#.##..#
#.†.......####.#§.......
###########.....@#.#####
......#D#(.. ##.#..#.#
### ......... #....#.#
.... ... .... #.# #.#


You could see a steam dragon (catching breath, very drained).

Vanquished Creatures
  Duvessa (D:4)
  2 necrophages
  4 scorpions
  Dowan (D:4)
  A hound (D:4)
  Natasha (twice) (D:2)
  An iguana (D:3)
  2 adders
  7 gnolls
  2 dart slugs (D:1)
  An orc (D:3)
  11 ball pythons
  5 bats
  7 endoplasms
  7 giant cockroaches
  10 goblins
  7 hobgoblins
  3 jackals (D:4)
  5 quokkas
  A frilled lizard (D:1)
  9 kobolds
  8 rats
97 creatures vanquished.

Notes
Turn   | Place    | Note
-------+----------+-------------------------------------------
     0 | D:1      | mampy3000 the Minotaur Berserker began the quest for the
                  | Orb.
     0 | D:1      | Reached XP level 1. HP: 19/19 MP: 0/0
   132 | D:1      | Reached skill level 4 in Axes
   132 | D:1      | Reached XP level 2. HP: 22/27 MP: 1/1
   627 | D:1      | Found a faded altar of an unknown god.
   680 | D:1      | Reached ** piety under Trog
   771 | D:2      | Reached XP level 3. HP: 33/33 MP: 2/2
  1115 | D:2      | Found a glowing golden altar of the Shining One.
  1198 | D:2      | Noticed Natasha
  1203 | D:2      | Killed Natasha
  1204 | D:2      | Reached skill level 5 in Axes
  1204 | D:2      | Reached XP level 4. HP: 41/41 MP: 3/3
  1303 | D:2      | Noticed Natasha
  1310 | D:2      | Killed Natasha
  1522 | D:3      | Found a runed translucent gate.
  1522 | D:3      | Found a runed translucent gate.
  1523 | D:3      | Found a runed translucent gate.
  1523 | D:3      | Noticed wormed's ghost (amateur FoFi)
  1779 | D:3      | Reached XP level 5. HP: 47/47 MP: 4/4
  1930 | D:3      | Found an iron altar of Okawaru.
  1930 | D:3      | Found a stormy altar of Qazlal.
  1930 | D:3      | Found a basalt altar of Yredelemnul.
  1976 | D:3      | Reached skill level 6 in Axes
  2260 | D:3      | Found an ornate altar of the Wu Jian Council.
  2316 | D:3      | Reached *** piety under Trog
  2617 | D:4      | Found a staircase to the Ecumenical Temple.
  2664 | D:4      | Reached XP level 6. HP: 55/55 MP: 5/5
  2694 | D:4      | Identified the +12 sling "Murmur" {drain, *Corrode Will+++}
  2726 | D:4      | Noticed Duvessa
  2728 | D:4      | Noticed Dowan
  2731 | D:4      | Killed Duvessa
  2732 | D:4      | Reached skill level 5 in Fighting
  2732 | D:4      | Reached skill level 1 in Ranged Weapons
  2736 | D:4      | Killed Dowan
  2744 | D:4      | Identified the +1 helmet of Too Many Cooks {Fly rF- rC++
                  | Slay+3}
  2804 | D:4      | Reached skill level 7 in Axes
  2840 | D:4      | Reached XP level 7. HP: 61/61 MP: 6/6
  3153 | D:4      | Found Gomischi's Jewellery Shop.
  3367 | D:5      | Entered Level 5 of the Dungeon
  3415 | D:5      | Noticed a steam dragon
  3422 | D:5      | Engulfed by a steam dragon's steam

Illustrated notes

Levels and vault maps discovered:
D:1:      dpeg_arrival_tiny_f, layout_basic,
          hellmonk_ecumenical_altar_inner_sanctum
D:2:      layout_basic, basic_altar, minmay_misc_feat_room, minmay_circle_x,
          uniq_natasha
D:3:      minmay_skewed_foursquare, layout_basic,
          pdpol_wu_jian_five_deadly_venoms, gammafunk_temple_overflow_claw,
          ebering_ghost_rock_garden, uniq_crazy_yiuf_cottage
D:4:      layout_loops_ring, minmay_temple_entry_tees, serial_shops,
          nicolae_shop_trees, kennysheep_generic_room_5, uniq_duvessa,
          uniq_robin
D:5:      layout_basic, kennysheep_slug_shrine,
          nicolae_gozag_cash_rules_everything_around_me, serial_shops, shop

Skill      XL: |  1  2  3  4  5  6  7 |
---------------+----------------------+-----
Axes           | 4 5 6 7 |  7.1
Fighting       | 4 5 |  5.6
Armour         | 3 4 |  4.9
Ranged Weapons | 1 3 |  3.8
Dodging        | |  2.9
Stealth        | |  0.8

Action                   |  1- 3 |  4- 6 |  7- 9 || total
-------------------------+-------+-------+-------++-------
Melee: Hand axe          |    61 |    62 |       ||   123
       Headbutt          |    12 |    10 |       ||    22
       Punch             |       |     1 |       ||     1
 Fire: Sling             |       |    23 |    34 ||    57
Invok: Berserk           |     1 |       |       ||     1
Armor: Ring mail         |     6 |       |       ||     6
       Chain mail        |     4 |    29 |     9 ||    42
Dodge: Dodged            |    54 |    42 |    11 ||   107

Table legend: (Time is in decaauts)
 A = Elapsed time spent in this place.
 B = Non-inter-level travel time spent in this place.
 C = Inter-level travel time spent in this place.
 D = Time resting spent in this place.
 E = Time spent auto-exploring this place.
 F = Levels seen in this place.
 G = Mean time per level.
                   A        B        C        D        E       F      G
               +--------+--------+--------+--------+--------+-----+--------+
         Total |   3476 |   3329 |    147 |      0 |   2781 |   5 |  695.2 |
       Dungeon |   3476 |   3329 |    147 |      0 |   2781 |   5 |  695.2 |
               +--------+--------+--------+--------+--------+-----+--------+

Top non-repeatable levels by time:
     D:3: 1114 daAuts
     D:4: 858 daAuts
     D:1: 747 daAuts
     D:2: 698 daAuts
     D:5: 58 daAuts
